 Dungeon Crawl Stone Soup version 0.15.0-12-gccce430 (console) character file.

158 gw the Cudgeler (level 5, -1/48 HPs)
             Began as a Minotaur Berserker on Sept 2, 2014.
             Was a Priest of Trog.
             Killed from afar by an orc wizard (3 damage)
             ... with a puff of flame
             ... on Level 3 of the Dungeon.
             The game lasted 00:01:07 (2696 turns).

gw the Cudgeler (Minotaur Berserker)                Turns: 2696, Time: 00:01:07

HP  -1/48        AC  3     Str 21      XL: 5   Next: 16%
MP   2/2         EV 11     Int  4      God: Trog [***...]
Gold 0           SH  0     Dex 11      Spells:  0 memorised,  4 levels left

rFire  . . .     SeeInvis .     a - +0 mace
rCold  . . .     Clarity  .     d - +0 leather armour
rNeg   . . .     rCorr    .     (no shield)
rPois  .         rRot     .     (helmet restricted)
rElec  .         Spirit   .     (no cloak)
SustAb .         Warding  .     (no gloves)
rMut   .         Stasis   .     (no boots)
Gourm  .                        (no amulet)
MR     ++...                    (no ring)
                                (no ring)

@: regenerating, very resistant to hostile enchantments, very unstealthy
A: retaliatory headbutt, horns 2
a: Burn Spellbooks, Berserk, Trog's Hand, Renounce Religion


You were on level 3 of the Dungeon.
You worshipped Trog.
Trog was most pleased with you.
You were very hungry.

You visited 1 branch of the dungeon, and saw 3 of its levels.

Inventory:

Hand weapons
 a - a +0 mace (weapon)
Missiles
 j - 31 stones (quivered)
Armour
 d - a +0 leather armour (worn)
Comestibles
 c - 2 bread rations
 h - 2 meat rations
 k - a slice of pizza
Scrolls
 g - 3 scrolls of remove curse
 i - 3 scrolls of identify
Potions
 f - 2 potions of curing


   Skills:
 + Level 5.0 Fighting
 * Level 5.2 Maces & Flails
 + Level 1.5 Throwing
 + Level 3.2 Armour
 - Level 2.1 Dodging


You had 4 spell levels left.
You didn't know any spells.

Dungeon Overview and Level Annotations

Branches:
Dungeon (3/15)

Altars:


Innate Abilities, Weirdness & Mutations

You reflexively headbutt those who attack you in melee.
You have a pair of horns on your head.


Message History

The orc wizard casts a spell.
The orc wizard blinks!
Something hits you.
MOVING TO (1,-7)
You closely miss something.
The jackal stops to sniff the ground.
You hear some strange, mumbled words.
The puff of flame hits you!
MOVING TO (1,-6)
You hit something but do no damage.
You feel the effects of Trog's Hand fading.
Something hits you.
MOVING TO (1,-5)
You miss something. Something hits you.
MOVING TO (1,-4)
You barely miss something. You headbutt something!
You hear some strange, mumbled words.
A puff of flame appears from out of thin air!
The puff of flame hits you!
You die...

.....ยค......%...........
...###............>......
.$..##$..........#######
...%##...........####....
....##...............$#
...###.##.#####hhl...##
.?## #.#..# ##hS....# ###
#.#.#######.##...# #..
#....)H# #.... # ...
#.###### .### ### . ...
### # # # ..


You could see 3 jackals, a ball python and a giant newt.

Table legend:
 A = Turns spent in this place as a percentage of turns spent in the entire game.
 B = Non-inter-level travel turns spent in this place as a percentage of non-inter-level travel turns spent in the entire game.
 C = Inter-level travel turns spent in this place as a percentage of turns spent in this place.
 D = Turns resting spent in this place as a percentage of non-inter-level travel turns spent in this place.
 E = Turns spent auto-exploring this place as a percentage of non-inter-level travel turns spent in this place.
 F = Non-inter-level travel turns spent in this place divided by the number of levels of this place that you've seen.
                   A       B       C       D       E      F
               +-------+-------+-------+-------+-------+----------------------
         Total | 100.0 | 100.0 |   0.5 |   8.9 |  21.5 | 187.7
       Dungeon | 100.0 | 100.0 |   0.5 |   8.9 |  21.5 | 187.7
               +-------+-------+-------+-------+-------+----------------------

Table legend:
 A = Kills in this place as a percentage of kills in entire the game.
 B = Kills by you in this place as a percentage of kills by you in the entire game.
 C = Kills by friends in this place as a percentage of kills by friends in the entire game.
 D = Other kills in this place as a percentage of other kills in the entire game.
 E = Experience gained in this place as a percentage of experience gained in the entire game.
 F = Experience gained in this place divided by the number of levels of this place that you have seen.
                   A       B       C       D       E      F
               +-------+-------+-------+-------+-------+----------------------
         Total | 100.0 | 100.0 |  -nan |  -nan | 100.0 |  75.3
       Dungeon | 100.0 | 100.0 |  -nan |  -nan | 100.0 |  75.3
               +-------+-------+-------+-------+-------+----------------------

Vanquished Creatures
  Natasha (D:3)
  4 adders (D:2)
  A giant mite (D:2)
  3 worms (D:2)
  2 giant geckos
  2 orcs (D:3)
  A ball python (D:2)
  4 giant cockroaches
  7 hobgoblins
  6 jackals
  8 bats
  4 giant newts (D:2)
  8 goblins
  6 kobolds
  15 rats
72 creatures vanquished.

Notes
Turn   | Place    | Note
--------------------------------------------------------------
     0 | D:1      | gw, the Minotaur Berserker, began the quest for the Orb.
     0 | D:1      | Reached XP level 1. HP: 19/19 MP: 1/1
   308 | D:1      | Reached XP level 2. HP: 27/27 MP: 1/1
   355 | D:1      | Reached skill level 4 in Maces & Flails
   637 | D:1      | Acquired Trog's second power
  1008 | D:1      | Reached XP level 3. HP: 29/33 MP: 2/2
  1829 | D:2      | Reached skill level 1 in Throwing
  1829 | D:2      | Reached XP level 4. HP: 41/41 MP: 2/2
  2288 | D:2      | Reached skill level 5 in Maces & Flails
  2614 | D:3      | Noticed Natasha
  2635 | D:3      | Killed Natasha
  2635 | D:3      | Reached skill level 5 in Fighting
  2635 | D:3      | Reached XP level 5. HP: 40/48 MP: 2/2
  2693 | D:3      | HP: 1/48 [something/puff of flame (8)]
  2696 | D:3      | Killed from afar by an orc wizard

Action                   |  1- 3 |  4- 6 || total
-------------------------+-------+-------++-------
Melee: Mace              |    70 |    64 ||   134
Throw: Stone             |    83 |    46 ||   129
Invok: Berserk           |     1 |       ||     1
       Trog's Hand       |       |     3 ||     3
  Use: Scroll            |     4 |     2 ||     6
       Potion            |     2 |     2 ||     4
  Eat: Chunk             |     4 |     2 ||     6

Vault maps used:
D:1:      sevenhm_arrival_forest_fort_large_4, minmay_strange_pillars
D:2:      kennysheep_six_static_rooms, first_bread, grunt_ministairs_3
D:3:      uniq_natasha
